 Dungeon Crawl Stone Soup version 0.31-a0-202-g547052bce9 (webtiles) character file.

Game seed: 1065439422152003557

144 qw the Skirmisher (level 5, -1/29 HPs)
             Began as a Deep Elf Hunter on June 26, 2023.
             Was an Initiate of Okawaru.
             Slain by an orc
             ... wielding a +0 trident
              (3 damage)
             ... on level 4 of the Dungeon.
             The game lasted 00:00:45 (1987 turns).

qw the Skirmisher (Deep Elf Hunter)                 Turns: 1987, Time: 00:00:46

Health: -1/29      AC:  5    Str: 10    XL:     5   Next: 5%
Magic:  7/7        EV: 11    Int: 14    God:    Okawaru [......]
Gold:   178        SH:  0    Dex: 18    Spells: 4/4 levels left

rFire   + . .        j - +0 shortbow (heavy)
rCold   . . .        (shield currently unavailable)
rNeg    . . .        f - +0 ring mail
rPois   .            (no helmet)
rElec   .            (no cloak)
rCorr   .            (no gloves)
SInv    .            (no boots)
Will    .....        (no amulet)
Stlth   +            i - ring of protection from fire
HPRegen 0.24/turn    (no ring)
MPRegen 0.10/turn

%: no passive effects
@: about to teleport
A: no striking features
a: Renounce Religion


You were on level 4 of the Dungeon.
You worshipped Okawaru.
Okawaru was noncommittal.
You visited 1 branch of the dungeon, and saw 4 of its levels.

You collected 178 gold pieces.


   Skills:
 - Level 1.5 Fighting
 + Level 8.4 Ranged Weapons
 - Level 2.4 Dodging
 - Level 1.2 Stealth


You had 4 spell levels left.
You didn't know any spells.
Your spell library was empty.

Inventory:

Hand Weapons
 j - a +0 heavy shortbow (weapon)
Armour
 f - a +0 ring mail (worn)
Jewellery
 i - a ring of protection from fire (left hand)
Scrolls
 a - 2 scrolls of identify
 k - a scroll of teleportation
 m - a scroll of amnesia {unknown}
 o - a scroll of enchant armour {unknown}
Potions
 b - a potion of resistance {unknown}
 c - a potion of attraction {unknown}
 d - a potion of heal wounds {unknown}
 e - a potion of magic {unknown}
 g - a potion of berserk rage {unknown}
 h - 2 potions of curing {unknown}
 l - a potion of enlightenment {unknown}
 n - a potion of might {unknown}

Dungeon Overview and Level Annotations

Branches:
Dungeon (4/15)
 Temple: D:4-7

Altars:
Okawaru

Shops:
D:1 !

Annotations:
D:3 2 transporters, qw's ghost, weakling DEHu


Message History

Enter note:
Enter note:
Enter note:
Enter note:
Enter note: You shoot an arrow.
The arrow closely misses the orc. x2
The hobgoblin shouts!
An orc comes into view. It is wielding a +0 mace.
An orc comes into view. It is wielding a +0 trident.
An adder comes into view.
You shoot an arrow. The arrow hits the orc.
The orc is severely wounded.
The orc closely misses you. The orc misses you.
You shoot an arrow. The arrow barely misses the orc.
The orc hits you with a +0 dagger.
The orc hits you from afar with a +0 trident.
You shoot an arrow. The arrow barely misses the orc.
The orc closely misses you. The orc misses you.
You shoot an arrow. The arrow closely misses the orc.
The orc closely misses you. x2; The orc hits you with a +0 war axe.
The orc barely misses you.
The orc hits you from afar with a +0 trident.
You shoot an arrow. The arrow closely misses the orc.
The orc barely misses you.
The orc hits you from afar with a +0 trident.
The orc hits you with a +0 flail.
You shoot an arrow. The arrow closely misses the orc.
The orc hits you from afar with a +0 trident.
The orc hits you with a +0 dagger. The orc misses you.
The orc hits you from afar with a +0 trident.
The orc barely misses you.
You shoot an arrow. The arrow closely misses the orc.
The orc hits you with a +0 dagger. The orc misses you.
The orc barely misses you.
1987 ||| READING 2 scrolls of teleportation.
As you read the scroll of teleportation, it crumbles to dust.
You feel strangely unstable. The orc hits you with a +0 dagger.
The orc hits you from afar with a +0 trident.
You die...

##### #....## ###.#
..# #####o..###.#
#...So@.....#########
#.#$go####..........#
#.o. #.########.#
...#$ #........#<###
.......
.............. .#..
.. ....#####.##### #.
... ..#.## #.#.... ..
##....#.. #.#....
...... #.#....


You could see an adder, 4 orcs and a hobgoblin.

Vanquished Creatures
  A howler monkey (D:4)
  3 adders
  2 worms
  6 orcs
  4 endoplasms
  5 giant cockroaches
  10 goblins
  11 hobgoblins
  4 quokkas
  2 ball pythons
  3 bats
  A frilled lizard (D:3)
  2 kobolds (D:1)
  8 rats
62 creatures vanquished.

Notes
Turn   | Place    | Note
-------+----------+-------------------------------------------
     0 | D:1      | qw the Deep Elf Hunter began the quest for the Orb.
     0 | D:1      | Reached XP level 1. HP: 12/12 MP: 3/3
     0 | D:1      | 0 ||| qw: Version: 0.3-a-22-g0ed2b0b
     0 | D:1      | 0 ||| qw: Game counter: 6160
     0 | D:1      | 0 ||| qw: Melee chars always use a shield: true
     0 | D:1      | 0 ||| qw: God list: Okawaru
     0 | D:1      | 0 ||| qw: Allow faded altars: false
     0 | D:1      | 0 ||| qw: Do Orc after clearing Dungeon:15 true
     0 | D:1      | 0 ||| qw: Do second Lair branch before Depths: true
     0 | D:1      | 0 ||| qw: Lair rune preference: random
     0 | D:1      | 0 ||| qw: Goals: Normal
     0 | D:1      | 0 ||| PLANNING D:1-11
   121 | D:1      | Found Edwuteyvez's Distillery.
   129 | D:1      | 129 ||| SHOPLISTING potion of enlightenment (55 gold, have
                  | 20).
   129 | D:1      | 129 ||| SHOPLISTING potion of haste (110 gold, have 20).
   129 | D:1      | 129 ||| SHOPLISTING potion of might (44 gold, have 20).
   129 | D:1      | 129 ||| SHOPLISTING potion of mutation (88 gold, have 20).
   178 | D:1      | You fall into a shaft and drop 1 floor!
   313 | D:2      | Found an iron altar of Okawaru.
   314 | D:2      | 314 ||| PLANNING OKAWARU WORSHIP
   314 | D:2      | 314 ||| UPGRADING to +0 ring mail.
   324 | D:2      | 324 ||| DROPPING +0 leather armour.
   325 | D:2      | 325 ||| READING scroll labelled ICAZOU REARYWNI.
   326 | D:2      | 326 ||| DROPPING scroll of butterflies.
   334 | D:2      | Became a worshipper of Warmaster Okawaru
   335 | D:2      | 335 ||| PLANNING D:1-11
   341 | D:1      | Reached skill level 6 in Ranged Weapons
   341 | D:1      | Reached XP level 2. HP: 16/16 MP: 4/4
   507 | D:1      | Found a faded altar of an unknown god.
   797 | D:1      | 797 ||| DROPPING scarf of invisibility.
   798 | D:1      | 798 ||| UPGRADING to ring of protection from fire.
   799 | D:1      | 799 ||| READING scroll labelled VAENIBINEA.
   800 | D:1      | 800 ||| READING scroll labelled SOECY FEMAVVIEG.
   801 | D:1      | 801 ||| READING scroll labelled NOUHOC HOTUOF.
   866 | D:2      | Reached XP level 3. HP: 20/20 MP: 5/5
  1266 | D:2      | 1266 ||| READING scroll labelled HIORIK EPRULUW.
  1271 | D:2      | 1271 ||| READING scroll labelled SEAS MELUEZ.
  1309 | D:3      | Reached skill level 7 in Ranged Weapons
  1487 | D:3      | Found a transporter.
  1488 | D:3      | Noticed qw's ghost (weakling DEHu)
  1491 | D:3      | Identified the +2 great mace of Moral Flaws {pain, rF++}
  1491 | D:3      | Noticed an ogre
  1503 | D:3      | Found a transporter.
  1588 | D:3      | Reached XP level 4. HP: 25/25 MP: 6/6
  1744 | D:3      | 1744 ||| READING 2 scrolls labelled GOIZUOSYLI.
  1745 | D:3      | 1745 ||| DROPPING scroll of vulnerability.
  1760 | D:4      | Reached skill level 8 in Ranged Weapons
  1838 | D:4      | Reached XP level 5. HP: 29/29 MP: 7/7
  1986 | D:4      | HP: 4/29 [orc/+0 dagger (4)]
  1987 | D:4      | 1987 ||| READING 2 scrolls of teleportation.
  1987 | D:4      | Slain by an orc

Levels and vault maps discovered:
D:1:      heliophobic_arrival_battle_scene, layout_loops_ring,
          shapermc_ecumenical_altar_totnotflames, serial_shops, shop
D:2:      layout_loops_ring, basic_altar
D:3:      layout_basic, gammafunk_ghost_smash
D:4:      layout_basic

Skill      XL: |  1  2  3  4 |
---------------+-------------+-----
Ranged Weapons | 6 7 8 |  8.4
Fighting       | |  1.5
Dodging        | |  2.4
Stealth        | |  1.2

Action                     |  1- 3 |  4- 6 || total
---------------------------+-------+-------++-------
   Fire: Shortbow          |   115 |    33 ||   148
    Use: Scroll            |     6 |     2 ||     8
 Armour: Ring mail         |     6 |     1 ||     7
  Dodge: Dodged            |    12 |    15 ||    27

Table legend:
 A = Non-vault XP
 B = Vault XP
 C = Vault XP percentage of total XP
 D = Non-vault monster count
 E = Vault monster count
 F = Vault count percentage of total count
                 A         B        C        D         E       F
            +---------+---------+-------+---------+---------+-------
      Total |     207 |       0 |   0.0 |      62 |       0 |   0.0
            +---------+---------+-------+---------+---------+-------
        D:1 |      29 |       0 |   0.0 |      18 |       0 |   0.0
        D:2 |      27 |       0 |   0.0 |      14 |       0 |   0.0
        D:3 |      73 |       0 |   0.0 |      23 |       0 |   0.0
        D:4 |      78 |       0 |   0.0 |       7 |       0 |   0.0
            +---------+---------+-------+---------+---------+-------
